 Dungeon Crawl Stone Soup version 0.28.0 (webtiles) character file.

Game seed: 7982857717684451943

42 ddubois the Magician (level 3, -4/25 HPs)
             Began as a Djinni Venom Mage on Feb 15, 2022.
             Slain by an adder (5 damage)
             ... on level 2 of the Dungeon.
             The game lasted 00:04:58 (1990 turns).

ddubois the Magician (Djinni Venom Mage)            Turns: 1990, Time: 00:05:01

Health: -4/25      AC:  2    Str:  7    XL:     3   Next: 80%
Gold:   67         EV: 12    Int: 18    God:
                   SH:  0    Dex: 13

rFire   + + .      SeeInvis +   j - +5 dagger of Heasion {drain, Contam rN+ SInv}
rCold   x . .      Faith    .   (no shield)
rNeg    + . .      Spirit   .   a - +0 robe
rPois   ∞          Reflect  .   (no helmet)
rElec   .          Harm     .   (no cloak)
rCorr   .          Rampage  .   (no gloves)
Will    .....                   (boots unavailable)
Stlth   ++........              (no amulet)
HPRegen 0.08/turn               (no ring)
MPRegen 0.00/turn               (no ring)

@: flying, very slightly contaminated
A: sickness immunity, fire resistance 2, cold vulnerability 1, float, innate
caster, HP casting, extra vitality 1
a: no special abilities


You were on level 2 of the Dungeon.
You visited 1 branch of the dungeon, and saw 2 of its levels.

You collected 67 gold pieces.

Inventory:

Hand Weapons
 j - the +5 dagger of Heasion (weapon) {drain, Contam rN+ SInv}
   (You found it on level 2 of the Dungeon)

   A truly terrible weapon, it drains the life of any living foe it strikes.
   rN:        It protects you from negative energy.
   SInv:      It lets you see invisible.
   Contam:    It causes magical contamination when unequipped.
Missiles
 g - 41 stones
Armour
 a - a +0 robe (worn)
 d - a +0 kite shield
Scrolls
 b - a scroll of holy word {unknown}
 c - 4 scrolls of identify {unknown}
Potions
 e - 2 potions of might {unknown}
 f - a potion of haste {unknown}
 h - a potion of brilliance {unknown}


   Skills:
 + Level 0.1 Fighting
 + Level 2.4 Dodging
 - Level 1.5 Stealth
 + Level 3.4 Spellcasting


You couldn't memorise any spells.
You knew the following spells:

 Your Spells              Type           Power      Damage    Failure   Level
a - Sting                 Tmut/Pois      60%        1d6       3%          1
b - Poisonous Vapours     Pois/Air       30%        N/A       6%          2
c - Mephitic Cloud        Conj/Pois/Air  15%        N/A       12%         3
d - Olgreb's Toxic Radia  Pois           15%        N/A       36%         4
e - Foxfire               Conj/Fire      60%        2x1d7     3%          1
Your spell library was empty.

Dungeon Overview and Level Annotations

Branches:
Dungeon (2/15)

Altars:
The Shining One

Shops:
D:1 !


Innate Abilities, Weirdness & Mutations

You are immune to sickness and miasma.
You are immune to poison.
Your flesh is very heat resistant. (rF++)
You are vulnerable to cold. (rC-)
You float through the air rather than walking.
You learn spells naturally, not from books.
Your magical power is your life essence.
You have superior vitality. (+4 MHP)


Message History

Press: ? - help, Dir - move target, f/p - adder
Aim: an adder Poisonous vapours surround the adder!
The adder is poisoned.
Casting: Poisonous Vapours (safe; 6% risk of failure)
Confirm with . or Enter, or press ? or * to list all spells.
Aiming: Poisonous Vapours (safe; 6% risk of failure)
Press: ? - help, Dir - move target, f/p - adder
Aim: an adder (lightly wounded, poisoned) Poisonous vapours surround the adder!
The adder looks even sicker.
* * * LOW HITPOINT WARNING * * *
Casting: Poisonous Vapours (safe; 6% risk of failure)
Confirm with . or Enter, or press ? or * to list all spells.
Aiming: Poisonous Vapours (safe; 6% risk of failure)
Press: ? - help, Dir - move target, f/p - adder
Aim: an adder (lightly wounded, very poisoned) Poisonous vapours surround the adder!
The adder looks even sicker.
* * * LOW HITPOINT WARNING * * *
Unknown command.
You miss the adder.
The adder is lightly wounded.
The adder closely misses you.
Unknown command.
Unknown command.
You closely miss the adder.
The adder is lightly wounded.
The adder bites you.
* * * LOW HITPOINT WARNING * * *
Unknown command.
Unknown command.
Unknown command.
Casting: Poisonous Vapours (safe; 6% risk of failure)
Confirm with . or Enter, or press ? or * to list all spells.
Aiming: Sting (safe; 3% risk of failure)
Press: ? - help, Shift-Dir - straight line, f/p - adder
Aim: an adder (heavily wounded, very poisoned, 57% to hit)
The sting hits the adder.
The adder looks as sick as possible!
The adder is heavily wounded.
* * * LOW HITPOINT WARNING * * *
The adder bites you.
You die...

#########.......#..#
#. #.......#.## ##
##........#
##.....####
#.......# #.......#
#.......# ##...S.##
##..@## #####


You could see an adder (extremely poisoned).

Vanquished Creatures
  An adder (D:2)
  A worm (D:2)
  2 bats
  4 endoplasms
  A giant cockroach (D:1)
  3 hobgoblins
  4 jackals
  3 kobolds (D:1)
  A quokka (D:1)
  3 ball pythons
  A frilled lizard (D:2)
  A goblin (D:2)
  A rat (D:1)
26 creatures vanquished.

Notes
Turn   | Place    | Note
-------+----------+-------------------------------------------
     0 | D:1      | ddubois the Djinni Venom Mage began the quest for the Orb.
     0 | D:1      | Reached XP level 1. HP: 15/15 MP: 0/0
   287 | D:1      | Found Moqulleu's Distillery.
   331 | D:1      | Reached XP level 2. HP: 11/21 MP: 0/0
  1068 | D:2      | Reached skill level 3 in Spellcasting
  1068 | D:2      | Reached XP level 3. HP: 14/25 MP: 0/0
  1068 | D:2      | Learned a level 1 spell: Foxfire
  1617 | D:2      | Identified the +5 dagger of Heasion {drain, Contam rN+
                  | SInv}
  1691 | D:2      | Found a glowing golden altar of the Shining One.
  1990 | D:2      | Slain by an adder

Illustrated notes

Levels and vault maps discovered:
D:1:      moated_graveyard_arrival, layout_rooms, serial_shops, shop,
          minmay_misc_feat_rows, kennysheep_nondescript
D:2:      layout_rooms, basic_altar, minmay_indecisive_spiral

Skill      XL: |  1  2 |
---------------+-------+-----
Spellcasting   | 3 |  3.4
Fighting       | |  0.1
Dodging        | |  2.4
Stealth        | |  1.5

Action                   || total
-------------------------++-------
Melee: Unarmed           ||     1
       Dagger            ||     2
 Cast: Sting             ||    29
       Poisonous Vapours ||    32
Armor: Robe              ||     3
Dodge: Dodged            ||    26
